Unix xNetHack Version 7.1.0 - last build Dec 12 2022 02:22:19 (91bc4d2507b4b34ac92889b06d50a936f6bde808). Game began 2023-01-02 23:18:48, ended 2023-01-03 08:42:11. UmberConductor, lawful female human Samurai ------ ---------------- ------ ---------- |....|#######...............| |....| |........| ###.....|# |..............| |....| |.........## |...>| #............<..| |....| |........| -|-.-- #-----.---------- --.-|- -----.---- # # # ### # # ## ## # ### ## #### # ### # # # # -.-.-- # -+----.---# |....| ## |........|# |....| # |.....@d.|# |....| --------|-- |........|# |.....######..........| |{........# |....| |.........| |........| ------ |.........| |..%.....| ----------- ---------- UmberConductor the Ronin St:16 Dx:13 Co:18 In:10 Wi:8 Ch:9 Lawful S:441 Dlvl:3 $:5 HP:32(32) Pw:8(8) AC:2 Xp:3/79 T:1449 FoodPois Latest messages: This gecko corpse tastes okay. You finish eating the gecko corpse. x - a T-shirt {5}. What do you want to read? [fiv or ?*] x It reads: "100% goblin hair - do not wash". There are two objects here. There is an iguana corpse here; eat it? y Blecch! Rotten food! You see here a tin. y - a tin {10}. What do you want to eat? [joy or ?*] y It is not so easy to open this tin. You succeed in opening the tin. It smells like little dogs. Eat it? n You discard the open tin. You hear some noises in the distance. You hear the chime of a cash register. You are beginning to feel hungry. You kill the floating eye! Welcome to experience level 4. You see here a floating eye corpse. There is a floating eye corpse here; eat it? y This floating eye corpse tastes okay. You no longer feel hungry. You finish eating the floating eye corpse. You feel a strange mental acuity. What do you want to eat? [jo or ?*] j This food really hits the spot! You finish eating the gunyoki. You see here a pear. There is a pear here; eat it? y Core dumped. You swap places with Hachi. You see here a giant rat corpse. There is a giant rat corpse here; eat it? y Ulch - that meat was tainted! You feel deathly sick. (It must have died too long ago to be safe to eat.) Are you sure you want to pray? y You begin praying to Amaterasu Omikami. You finish your prayer. The voice of Amaterasu Omikami rings out: "Thou art arrogant, mortal." "Thou must relearn thy lessons!" You feel more foolish! Sayonara level 4. Really quit? (This will end your game permanently!) y Do you want to see the dungeon overview? q Major events: Turn 1: UmberConductor the lawful female human Samurai entered the dungeon 804: attained the rank of Ronin (level 3) 1449: quit Inventory: Inventory: 685/900 weight (24/52 slots) Coins ('$') $ - 5 gold pieces {1} Weapons (')') a - an uncursed +0 katana (weapon in hand) {40} b - an uncursed +0 wakizashi (alternate weapon; not wielded) {30} c - an uncursed +0 yumi {30} d - 42 uncursed +0 ya (in quiver) {42} Armor ('[') e - an uncursed rustproof +0 splint mail (being worn) {300} k - a cursed -1 pair of gauntlets of fumbling {10} l - a cursed +0 cloak of displacement {10} q - an uncursed +0 Hawaiian shirt with a kraken motif {5} s - an uncursed +1 Hawaiian shirt with a kraken motif (being worn) {4} w - an uncursed +0 orcish helm (being worn) {23} x - an uncursed +0 T-shirt with text "100% goblin hair - do not wash" {5} Comestibles ('%') j - an uncursed gunyoki {20} o - 2 uncursed tripe rations {20} Scrolls ('?') f - 2 uncursed scrolls of identify {10} i - a blessed scroll of blank paper {5} v - a cursed scroll of blank paper {5} Potions ('!') h - a blessed potion of oil {20} m - an uncursed potion of water {20} n - an uncursed potion of gain energy {20} r - a blessed potion of paralysis {20} t - an uncursed potion of gain ability {20} u - an uncursed potion of monster detection {20} Rings ('=') p - an uncursed ring of warning {3} Tools ('(') g - an uncursed skeleton key {3} UmberConductor the Samurai's attributes: Background: You were a Ronin, a level 3 female human Samurai. You were lawful, on a mission for Amaterasu Omikami who was opposed by Raijin (neutral) and Susanowo (chaotic). You were bisexual. You were in the Dungeons of Doom, on level 3. You entered the dungeon 1449 turns ago. You had 79 experience points, 1 more was needed to attain level 4. Your score was 441 before end-of-game adjustments. Basics: You had all 32 hit points. You had all 8 energy points (spell power). Your armor class was 2. Your wallet contained 5 zorkmids. Autopickup was on for '$"?+!=/' plus thrown, with exceptions. Final Characteristics: Your strength was 16 (limit:18/100). Your dexterity was 13 (limit:18). Your constitution was 18 (limit:18). Your intelligence was 10 (limit:18). Your wisdom was 8 (peak:9, limit:18). Your charisma was 9 (limit:18). Final Status: You were terminally sick from food poisoning. You were not hungry. You were unencumbered. You were wielding a long sword. You had basic skill with long sword. Final Attributes: You were devoutly aligned. You were telepathic. You were warded. You were fast. You were unlucky. Amaterasu Omikami was angry with you. You survived. Miscellaneous: You never encountered a bones level. Total elapsed playing time was 1 hour, 36 minutes and 24 seconds. Vanquished creatures: a floating eye 3 iguanas a gas spore a giant rat a brown mold a yellow mold a garter snake a gecko 4 jackals a fox 3 goblins 3 grid bugs a bat 3 lichens 2 newts 27 creatures vanquished. No species were genocided or became extinct. Voluntary challenges: You read items or engraved 1 time. You never genocided any monsters. You never polymorphed an object. You never changed form. You never touched an artifact. You used no wishes. You never scared an enemy with impunity. You were celibate. You never generated conflict. Achievements: You entered a shop. You attained the rank of Ronin. The Dungeons of Doom: levels 1 to 3 Level 1: A sink. Level 2: An armor shop, a grave. Level 3: <- You were here. A fountain. Sayonara UmberConductor the Samurai... You quit in The Dungeons of Doom on dungeon level 3 with 441 points, and 5 pieces of gold, after 1449 moves. You were level 3 with a maximum of 32 hit points when you quit.